General information
			
			
        
        - name: BNet
 
        - type: Ladder team game (AT/RT)
 
        - host: Battle.net
 
        - saver: YoMamaIsAHor
 
        
map: TwistedMeadows 
        - players: 4
 
        - length: 82:37
 
        - speed: Fast
 - version: 1.22 W3XP
 - replay type:  Public
 
» download(310 KB)
Players
        team 1 (winner) 
              
              
GOKUMaN69 (
red | 36 APM | 2181 actions | 61:18)
              
 4 Archmage 
 2 Summon Water Elemental
 2 Brilliance Aura
 
                » actions 
                
                | Assign group hotkey | 6 |  | 
| Basic commands | 1 |  | 
| Build / train | 34 |  | 
| Enter build submenu | 21 |  | 
| Enter hero's abilities submenu | 4 |  | 
| Give item / drop item | 4 |  | 
| Right click | 1341 |  | 
| Select / deselect | 632 |  | 
| Select group hotkey | 29 |  | 
| Use ability | 109 |  | 
                2181 total
 » units 
                » buildings
                
                | Altar of Kings | 2 |  | 
| Barracks | 1 |  | 
| Farm | 7 |  | 
| Scout Tower | 7 |  | 
| Arcane Tower | 4 |  | 
| Keep | 1 |  | 
| Lumber Mill | 1 |  | 
| Arcane Vault | 1 |  | 
                24 total
 » build order
                00:06 Altar of Kings
00:25 Barracks
00:39 Farm
01:17 Farm
01:29 Farm
02:32 Farm
03:03 Scout Tower
03:30 Arcane Tower
04:41 Scout Tower
05:11 Keep
05:13 Scout Tower
05:24 Scout Tower
05:55 Lumber Mill
05:56 Arcane Tower
06:00 Arcane Tower
06:11 Scout Tower
06:22 Arcane Vault
06:25 Farm
06:40 Arcane Tower
07:33 Scout Tower
07:34 Scout Tower
35:54 Altar of Kings
35:55 Farm
35:57 Farm
» items
                
                | Boots of Speed | 1 |  | 
| Potion of Lesser Invulnerability | 1 |  | 
| Periapt of Vitality | 2 |  | 
                4 total
  
               
              
              
YoMamaIsAHor (
teal | 83 APM | 6867 actions | 82:37)
              
 11 Paladin 
 3 Holy Light
 3 Divine Shield
 3 Devotion Aura
 2 Resurrection
 2 Archmage 
 1 Brilliance Aura
 1 Mass Teleport
 
                » actions 
                
                | Assign group hotkey | 62 |  | 
| Basic commands | 355 |  | 
| Build / train | 272 |  | 
| ESC pressed | 13 |  | 
| Enter build submenu | 214 |  | 
| Enter hero's abilities submenu | 14 |  | 
| Give item / drop item | 7 |  | 
| Remove unit from queue | 1 |  | 
| Right click | 2699 |  | 
| Select / deselect | 2040 |  | 
| Select group hotkey | 652 |  | 
| Use ability | 535 |  | 
                6867 total
 » units 
                
                | Peasant | 49 |  | 
| Gryphon Rider | 19 |  | 
| Goblin Zeppelin | 2 |  | 
| Dragonhawk Rider | 17 |  | 
| Goblin Shredder | 1 |  | 
| Knight | 10 |  | 
| Mortar Team | 6 |  | 
| Priest | 5 |  | 
                109 total
 » upgrades
                
                | Masonry | 3 |  | 
| Storm Hammers | 1 |  | 
| Animal War Training | 1 |  | 
| Swords | 3 |  | 
| Armor | 4 |  | 
| Plating | 3 |  | 
| Priest Training | 2 |  | 
| Fragmentation Shards | 1 |  | 
                18 total
 » buildings
                
                | Altar of Kings | 1 |  | 
| Farm | 13 |  | 
| Lumber Mill | 8 |  | 
| Scout Tower | 152 |  | 
| Guard Tower | 98 |  | 
| Keep | 1 |  | 
| Arcane Vault | 6 |  | 
| Town Hall | 13 |  | 
| Castle | 1 |  | 
| Gryphon Aviary | 1 |  | 
| Arcane Sanctum | 1 |  | 
| Blacksmith | 1 |  | 
| Barracks | 2 |  | 
| Workshop | 1 |  | 
                299 total
 » build order
                00:03 Altar of Kings
00:05 Farm
00:25 Lumber Mill
01:38 Farm
03:04 Scout Tower
03:05 Scout Tower
03:07 Scout Tower
03:20 Guard Tower
03:21 Scout Tower
03:27 Guard Tower
03:43 Guard Tower
04:56 Scout Tower
04:58 Scout Tower
05:06 Scout Tower
05:10 Scout Tower
05:13 Scout Tower
05:18 Scout Tower
05:19 Scout Tower
05:20 Scout Tower
05:32 Guard Tower
05:40 Guard Tower
05:42 Guard Tower
05:56 Guard Tower
06:08 Guard Tower
06:20 Guard Tower
06:24 Guard Tower
06:36 Scout Tower
06:39 Scout Tower
06:41 Scout Tower
06:58 Farm
07:06 Guard Tower
07:07 Guard Tower
07:10 Guard Tower
07:42 Scout Tower
07:43 Scout Tower
07:44 Scout Tower
07:45 Scout Tower
08:15 Guard Tower
08:16 Scout Tower
08:18 Scout Tower
08:21 Scout Tower
08:25 Scout Tower
08:29 Lumber Mill
08:36 Lumber Mill
08:46 Keep
08:50 Guard Tower
09:01 Guard Tower
09:03 Scout Tower
09:09 Guard Tower
09:24 Scout Tower
09:26 Scout Tower
09:31 Guard Tower
09:34 Scout Tower
09:45 Farm
09:51 Guard Tower
09:51 Guard Tower
09:53 Guard Tower
10:02 Guard Tower
10:10 Farm
10:19 Arcane Vault
10:44 Scout Tower
11:01 Scout Tower
11:03 Scout Tower
11:07 Scout Tower
11:08 Scout Tower
11:09 Scout Tower
11:16 Guard Tower
11:19 Scout Tower
11:42 Guard Tower
11:45 Arcane Vault
11:49 Guard Tower
11:51 Guard Tower
11:56 Town Hall
12:08 Farm
12:10 Scout Tower
12:12 Scout Tower
12:19 Scout Tower
12:20 Scout Tower
12:49 Guard Tower
12:50 Scout Tower
12:51 Guard Tower
12:53 Scout Tower
13:25 Guard Tower
13:44 Castle
14:04 Guard Tower
14:44 Gryphon Aviary
14:51 Lumber Mill
15:26 Scout Tower
15:28 Scout Tower
15:29 Scout Tower
16:07 Scout Tower
16:08 Scout Tower
16:12 Town Hall
16:37 Guard Tower
17:58 Arcane Vault
18:13 Scout Tower
18:15 Scout Tower
18:39 Scout Tower
18:48 Guard Tower
19:24 Scout Tower
19:27 Guard Tower
19:29 Scout Tower
19:33 Scout Tower
19:40 Farm
19:59 Guard Tower
20:07 Guard Tower
20:27 Scout Tower
20:59 Scout Tower
21:01 Scout Tower
21:02 Scout Tower
21:16 Guard Tower
21:41 Guard Tower
21:43 Scout Tower
22:02 Guard Tower
22:03 Scout Tower
22:04 Scout Tower
22:05 Scout Tower
22:30 Guard Tower
22:31 Scout Tower
22:37 Town Hall
23:36 Farm
24:20 Farm
24:35 Guard Tower
24:47 Guard Tower
25:48 Scout Tower
25:49 Scout Tower
25:50 Scout Tower
25:51 Scout Tower
26:21 Guard Tower
26:28 Scout Tower
26:31 Scout Tower
27:05 Scout Tower
27:05 Guard Tower
27:30 Arcane Vault
27:38 Guard Tower
27:39 Scout Tower
28:37 Scout Tower
28:46 Guard Tower
29:05 Scout Tower
29:06 Scout Tower
29:14 Guard Tower
29:14 Scout Tower
29:28 Guard Tower
29:29 Scout Tower
29:39 Guard Tower
29:42 Scout Tower
30:02 Guard Tower
30:04 Guard Tower
30:05 Scout Tower
30:09 Guard Tower
30:31 Scout Tower
31:15 Scout Tower
31:16 Guard Tower
31:18 Scout Tower
31:20 Guard Tower
31:21 Scout Tower
31:53 Scout Tower
31:53 Guard Tower
32:14 Guard Tower
32:15 Scout Tower
32:17 Scout Tower
32:39 Guard Tower
32:43 Guard Tower
32:49 Guard Tower
32:51 Scout Tower
33:11 Scout Tower
33:13 Scout Tower
33:15 Scout Tower
33:23 Guard Tower
33:40 Guard Tower
33:41 Guard Tower
33:43 Scout Tower
33:44 Guard Tower
33:46 Scout Tower
33:52 Scout Tower
34:08 Scout Tower
34:22 Guard Tower
34:23 Scout Tower
34:26 Scout Tower
34:29 Scout Tower
35:09 Guard Tower
35:10 Town Hall
35:14 Town Hall
35:46 Guard Tower
35:48 Scout Tower
36:45 Arcane Sanctum
37:43 Scout Tower
37:44 Scout Tower
37:46 Scout Tower
37:48 Scout Tower
37:54 Guard Tower
38:32 Guard Tower
38:35 Lumber Mill
40:48 Scout Tower
40:50 Scout Tower
40:52 Scout Tower
41:36 Guard Tower
41:38 Scout Tower
41:38 Scout Tower
41:39 Scout Tower
42:32 Guard Tower
42:34 Scout Tower
42:35 Scout Tower
43:38 Guard Tower
43:39 Scout Tower
43:40 Scout Tower
44:08 Guard Tower
44:14 Guard Tower
44:49 Scout Tower
44:51 Scout Tower
44:54 Scout Tower
45:02 Town Hall
45:03 Scout Tower
45:04 Scout Tower
45:28 Guard Tower
45:30 Scout Tower
45:31 Guard Tower
45:45 Blacksmith
45:53 Lumber Mill
45:56 Barracks
46:17 Guard Tower
46:18 Scout Tower
46:19 Scout Tower
46:28 Guard Tower
46:51 Scout Tower
47:34 Guard Tower
47:35 Guard Tower
48:16 Guard Tower
49:15 Arcane Vault
50:14 Town Hall
50:22 Scout Tower
51:57 Town Hall
52:00 Scout Tower
52:25 Scout Tower
52:27 Scout Tower
52:28 Guard Tower
52:47 Scout Tower
53:10 Guard Tower
53:11 Scout Tower
53:12 Scout Tower
53:14 Scout Tower
53:21 Guard Tower
53:24 Scout Tower
53:32 Town Hall
53:42 Guard Tower
54:44 Guard Tower
54:45 Scout Tower
55:26 Guard Tower
55:27 Scout Tower
55:28 Scout Tower
55:45 Farm
55:52 Scout Tower
55:54 Scout Tower
56:21 Guard Tower
56:22 Scout Tower
56:24 Scout Tower
57:32 Lumber Mill
58:50 Town Hall
58:54 Scout Tower
59:03 Guard Tower
59:04 Scout Tower
59:06 Scout Tower
59:39 Guard Tower
59:40 Scout Tower
59:41 Scout Tower
59:49 Guard Tower
59:52 Scout Tower
60:05 Farm
60:21 Guard Tower
60:26 Guard Tower
60:29 Guard Tower
60:30 Scout Tower
61:10 Lumber Mill
61:15 Guard Tower
61:16 Scout Tower
61:53 Guard Tower
61:55 Scout Tower
63:38 Guard Tower
63:40 Scout Tower
63:41 Scout Tower
63:59 Barracks
65:04 Arcane Vault
65:47 Guard Tower
65:48 Scout Tower
65:49 Scout Tower
66:25 Workshop
66:26 Scout Tower
66:27 Guard Tower
67:17 Farm
68:42 Scout Tower
69:28 Town Hall
75:45 Guard Tower
77:07 Town Hall
77:19 Farm
81:14 Town Hall
81:15 Scout Tower
81:16 Scout Tower
81:17 Scout Tower
81:19 Scout Tower
» items
                
                | Scroll of Town Portal | 12 |  | 
| Lesser Clarity Potion | 5 |  | 
| Potion of Healing | 5 |  | 
| Staff of Teleportation | 1 |  | 
| Potion of Lesser Invulnerability | 1 |  | 
| Boots of Speed | 1 |  | 
| Orb of Fire | 1 |  | 
| Scroll of Regeneration | 2 |  | 
| Potion of Mana | 1 |  | 
                29 total
  
               team 2 (loser) 
              
              
jeremi_fortrex (
pink | 34 APM | 2798 actions | 82:35)
              
 5 Demon Hunter 
 3 Immolation
 2 Evasion
 4 Keeper of the Grove 
 2 Entangling Roots
 2 Thorns Aura
 
                » actions 
                
                | Assign group hotkey | 76 |  | 
| Basic commands | 3 |  | 
| Build / train | 87 |  | 
| Enter build submenu | 21 |  | 
| Enter hero's abilities submenu | 9 |  | 
| Right click | 1150 |  | 
| Select / deselect | 515 |  | 
| Select group hotkey | 859 |  | 
| Use ability | 78 |  | 
                2798 total
 » units 
                
                | Wisp | 23 |  | 
| Archer | 4 |  | 
| Huntress | 7 |  | 
| Dryad | 16 |  | 
| Glaive Thrower | 8 |  | 
| Chimaera | 11 |  | 
                69 total
 » upgrades
                
                | Strength of the Wild | 1 |  | 
| Reinforced Hides | 1 |  | 
| Abolish Magic | 1 |  | 
| Vorpal Blades | 1 |  | 
| Corrosive Breath | 1 |  | 
                5 total
 » buildings
                
                | Altar of Elders | 1 |  | 
| Moon Well | 9 |  | 
| Ancient of War | 1 |  | 
| Hunter's Hall | 1 |  | 
| Tree of Ages | 1 |  | 
| Ancient of Lore | 3 |  | 
| Ancient of Wonders | 1 |  | 
| Tree of Eternity | 1 |  | 
| Tree of Life | 2 |  | 
| Ancient of Wind | 1 |  | 
| Chimaera Roost | 2 |  | 
                23 total
 » build order
                00:05 Altar of Elders
00:07 Moon Well
00:30 Ancient of War
01:24 Moon Well
02:20 Hunter's Hall
04:27 Moon Well
05:46 Tree of Ages
06:07 Moon Well
07:26 Moon Well
08:14 Ancient of Lore
08:35 Ancient of Lore
09:05 Ancient of Lore
09:17 Ancient of Wonders
11:04 Moon Well
15:51 Moon Well
17:08 Tree of Eternity
18:04 Moon Well
21:34 Tree of Life
31:42 Ancient of Wind
32:57 Chimaera Roost
33:50 Chimaera Roost
46:24 Tree of Life
48:30 Moon Well
 
               
              
              
» 
Suiq (
green | 46 APM | 3756 actions | 82:05)
              
 6 Dreadlord 
 2 Vampiric Aura
 3 Sleep
 1 Inferno
 5 Death Knight 
 3 Death Coil
 2 Unholy Aura
 5 Dark Ranger 
 3 Life Drain
 1 Black Arrow
 1 Silence
 
                » actions 
                
                | Assign group hotkey | 37 |  | 
| Basic commands | 2 |  | 
| Build / train | 81 |  | 
| Enter build submenu | 16 |  | 
| Enter hero's abilities submenu | 16 |  | 
| Give item / drop item | 2 |  | 
| Remove unit from queue | 1 |  | 
| Right click | 1533 |  | 
| Select / deselect | 558 |  | 
| Select group hotkey | 1424 |  | 
| Use ability | 86 |  | 
                3756 total
 » units 
                
                | Acolyte | 9 |  | 
| Ghoul | 14 |  | 
| Abomination | 7 |  | 
| Meatwagon | 9 |  | 
| Crypt Fiend | 8 |  | 
                47 total
 » upgrades
                
                | Unholy Strength | 3 |  | 
| Unholy Armor | 3 |  | 
| Disease Cloud | 1 |  | 
| Ghoul Frenzy | 1 |  | 
| Web | 1 |  | 
| Creature Attack | 1 |  | 
| Creature Carapace | 1 |  | 
                11 total
 » buildings
                
                | Altar of Darkness | 1 |  | 
| Crypt | 1 |  | 
| Ziggurat | 7 |  | 
| Tomb of Relics | 1 |  | 
| Graveyard | 1 |  | 
| Halls of the Dead | 1 |  | 
| Black Citadel | 1 |  | 
| Slaughterhouse | 2 |  | 
                15 total
 » build order
                00:34 Altar of Darkness
00:36 Crypt
00:40 Ziggurat
00:54 Tomb of Relics
01:22 Graveyard
01:59 Ziggurat
04:54 Halls of the Dead
04:57 Ziggurat
07:20 Black Citadel
09:35 Ziggurat
09:39 Slaughterhouse
10:17 Slaughterhouse
11:54 Ziggurat
14:04 Ziggurat
16:38 Ziggurat
» items
                 
                Chat log
          
(07:53 / All) jeremi_fortrex: gg?
(07:57 / All) Suiq: gg
(08:35 / All) Suiq: nice tower rush try
(08:48 / All) jeremi_fortrex: very nice
(08:52 / All) jeremi_fortrex: i love it
(09:00 / All) GOKUMaN69: nice manner try
(09:02 / All) GOKUMaN69: I love it
(09:09 / All) Suiq: ty
(12:08 / All) Suiq: nice 
(12:16 / All) GOKUMaN69: nice samll dick
(12:18 / All) Suiq: you think you can win 
(12:25 / All) jeremi_fortrex: =D
(12:27 / All) GOKUMaN69: u think u have a big dick
(12:33 / All) GOKUMaN69: u dont
(12:53 / All) Suiq: actually, i do
(14:35 / All) jeremi_fortrex: gg?
(25:50 / All) Suiq: LEAVE
(26:13 / All) GOKUMaN69: small dick men?
(27:57 / All) GOKUMaN69: u guys good?
(28:30 / All) GOKUMaN69: u mad?
(34:34 / All) GOKUMaN69: Gg?
(43:45 / All) YoMamaIsAHor: shit bit bird noobs
(45:00 / All) GOKUMaN69: Gg?
(45:06 / All) jeremi_fortrex: why gg muthafucker?
(45:10 / All) GOKUMaN69: u lose
(50:18 / All) GOKUMaN69: quit please
(50:23 / All) Suiq: we wont
(50:26 / All) Suiq: you wuit
(50:26 / All) jeremi_fortrex: you quit muthafucker
(50:28 / All) Suiq: retarded
(50:29 / All) GOKUMaN69: why not
(50:44 / All) GOKUMaN69: how u lose 2v1?
(51:39 / All) Suiq: you both are noobs
(51:43 / All) GOKUMaN69: 1v1?
(51:54 / All) Suiq: and want to win in this noobish mass tower
(52:00 / All) GOKUMaN69: nice tower rush
(52:03 / All) jeremi_fortrex: im a tower man, i think im good
(52:07 / All) jeremi_fortrex: retarded
(52:10 / All) YoMamaIsAHor: ur losing
(52:13 / All) YoMamaIsAHor: thats terrible
(52:19 / All) Suiq: you think so?
(52:30 / All) Suiq: i wanna see you win this shit
(52:41 / All) GOKUMaN69: we already did
(55:07 / All) Suiq: noob
(55:10 / All) YoMamaIsAHor: lmao
(55:12 / All) GOKUMaN69: why?
(55:21 / All) jeremi_fortrex: tower
(55:33 / All) YoMamaIsAHor: i could beat u 1v1
(55:55 / All) Suiq: i could fuck your mom
(58:36 / All) GOKUMaN69: gg quit now
(58:47 / All) Suiq: we're not quitin
(58:48 / All) jeremi_fortrex: i hate noobs
(58:54 / All) Suiq: you quit
(58:55 / All) GOKUMaN69: I hate u 2
(59:02 / All) GOKUMaN69: noob
(59:06 / All) jeremi_fortrex: am i noob?
(59:09 / All) GOKUMaN69: yes
(59:10 / All) GOKUMaN69: 1v1?
(59:14 / All) jeremi_fortrex: fuck you american idiot
(59:18 / All) Suiq: seriously
(59:20 / All) GOKUMaN69: what
(59:23 / All) Suiq: just leave
(59:27 / All) GOKUMaN69: I AM CANADA
(59:33 / All) Suiq: FODA-SE
(59:35 / All) GOKUMaN69: manner
(59:38 / All) jeremi_fortrex: ok, you´re not american
(59:39 / All) Suiq: FILHO DE UMA PUTA
(59:44 / All) jeremi_fortrex: but you´re as idiot
(59:47 / All) Suiq: VAI TOMAR NO MEIO DO SEU CU
(59:50 / All) Suiq: DESGRAÇADO
(59:53 / All) Suiq: DOS INFERNOS
(59:55 / Allies) GOKUMaN69: U mad?
(59:59 / Allies) GOKUMaN69: u mad?
(60:15 / All) GOKUMaN69: how u lose 2v1?
(60:17 / All) jeremi_fortrex: VOU COMER A BUNDA DA SUA MÃE
(60:22 / All) Suiq: auhUHAuhAHUUHAuhAuhHUAUHAUHAUH
(60:25 / All) jeremi_fortrex: QUANDO EU FOR AO CANADÁ
(60:28 / All) GOKUMaN69: u mad?
(60:33 / All) GOKUMaN69: puta?
(60:40 / All) Suiq: hahahaha
(60:45 / All) Suiq: filho de uma égua
(60:48 / All) jeremi_fortrex: WE ARE BETTER THEN YOU
(60:51 / All) jeremi_fortrex: WE ARE BRAZILIANS
(60:53 / All) GOKUMaN69: we won
(60:55 / All) Suiq: FILHO DE UMA ÉGUA
(60:57 / All) jeremi_fortrex: YOUR MAMA LOVES ME
(61:01 / All) Suiq: VAI TOMAR NO OLHO DO SEU CU
(61:03 / All) jeremi_fortrex: HE WANTS ME
(61:07 / All) jeremi_fortrex: SHE*
(61:18 / All) Suiq: BECAUSE OF MY HUGE COCK
(61:20 / All) jeremi_fortrex: YOUR MAMA WANTS MY COCK
(61:24 / All) jeremi_fortrex: HAHAHAHA
(61:27 / All) Suiq: LEAVE 
(61:39 / All) jeremi_fortrex: MUTHAFUCKER FROM HELL
(61:42 / All) Suiq: your fuck mate leaved
(61:52 / All) Suiq: do the same
(61:56 / All) jeremi_fortrex: A BUNDA DA SUA MÃE É REDONDINHA
(61:57 / All) Suiq: leave this shit
(62:22 / All) jeremi_fortrex: I WILL FUCK YOUR MOM AGAIN
(62:24 / All) Suiq: caralho seu cagão de merda
(62:33 / All) Suiq: sai logo desse jogo seu viado do caralho
(63:02 / All) jeremi_fortrex: HOW OLD ARE YOU, FAG?
(63:30 / All) Suiq: i bet he is a 40 year-old baldy guy
(63:43 / All) Suiq: who don't eat pussy
(63:54 / All) jeremi_fortrex: I LOVE PUSSYS
(63:58 / All) Suiq: and get's cock in ass
(63:59 / All) jeremi_fortrex: YOUR MOM KNOW THAT
(64:23 / All) Suiq: come on man 
(64:29 / All) Suiq: just leave this shit
(65:33 / All) Suiq: you're just not gonna win this game
(68:36 / All) jeremi_fortrex: EU SOU O TOAD, O REI DO BATTLE.NET
(71:26 / All) jeremi_fortrex: gg?
(71:59 / All) jeremi_fortrex: gg?
(72:02 / All) YoMamaIsAHor: lol i have 12k
(72:34 / All) Suiq: you're still not gonna win
(76:35 / All) jeremi_fortrex: HOW CAN WE LOSE FOR A COUPLE OF NOOBS, SUIQ?
(77:04 / All) Suiq: sometimes noobs get lucky
(77:11 / All) YoMamaIsAHor: roflmao
(77:13 / All) YoMamaIsAHor: you need diaper
(77:22 / All) jeremi_fortrex: OR DO A NOOB GAME AND WIN
(79:41 / All) YoMamaIsAHor: GG
(81:22 / All) YoMamaIsAHor: Lmao
(81:29 / All) Suiq: gg
(81:31 / All) YoMamaIsAHor: gg shirt eaters
(81:33 / All) jeremi_fortrex: gg noob
(81:40 / All) YoMamaIsAHor: Oh no
(81:41 / All) Suiq: lol?
(81:41 / All) jeremi_fortrex: What?
(81:45 / All) YoMamaIsAHor: watch
(81:45 / All) YoMamaIsAHor: this
(81:46 / All) Suiq: lol??
(81:57 / All) Suiq: oh
(82:02 / All) Suiq: now we lost
(82:20 / All) YoMamaIsAHor: Lmao
(82:24 / All) YoMamaIsAHor: shirt eaters
(82:30 / All) YoMamaIsAHor: Eat a shirt